 Dungeon Crawl Stone Soup version 0.29-a0-838-g385bb11a5b (webtiles) character file.

Game seed: 12335151199280017638

203068 ytrimaz the Warrior (level 17, -12/160 HPs)
             Began as a Demonspawn Fighter on July 13, 2022.
             Was an Elder of Ashenzari.
             Blown up by an orb spider (58 damage)
             ... with an orb of destruction
             ... on level 4 of the Spider Nest on July 14, 2022.
             The game lasted 01:08:28 (28476 turns).

ytrimaz the Warrior (Demonspawn Fighter)           Turns: 28476, Time: 01:08:29

Health: -12/160    AC: 32    Str: 25      XL:     17   Next: 96%
Magic:  0/17       EV:  9    Int:  9 (10) God:    Ashenzari [****..]
Gold:   849        SH:  6    Dex: 19      Spells: 16/16 levels left

rFire   + + .      SeeInvis +   a - +8 war axe (elec)
rCold   + + +      Faith    .   c - +0 buckler of Ashenzari's Autotheism {Alch, Elem} (curse)
rNeg    + + .      Spirit   +   W - +4 shadow dragon scales "Otraciogga" {rElec rPois rF+ Str+3 Stlth++++}
rPois   +          Reflect  .   r - +1 hat of the Fated Awkwardness {rC+++ Regen+ Dex-2 Stlth-, Elem, Melee} (curse)
rElec   +          Harm     .   N - +1 cloak "Unveiling Disgust" {rElec rC+, Self, Alch} (curse)
rCorr   .          Rampage  .   (gloves unavailable)
Will    +++..      Clarity  +   O - +0 pair of boots "Ruined Morality" {rN++, Melee, Alch} (curse)
Stlth   ++........              e - amulet of Toth-Mos's Legacy {Regen+, Self, Melee} (curse)
HPRegen 1.96/turn               S - ring "Piurusou" {rF+ Will+ Dex+6}
MPRegen 0.30/turn               t - ring of the Fated Anxiety {Will+, Cun, Elem} (curse)

@: lethally poisoned (-12 -> -25), on berserk cooldown, slowed, studying Staves,
very slow
A: slimy green scales 2, spiny 3, magic shield, magic regeneration, demonic
touch 3
}: 1/15 runes: barnacled
a: Renounce Religion, Curse Item, Shatter the Chains


You were on level 4 of the Spider Nest.
You worshipped Ashenzari.
Ashenzari was greatly pleased with you.
You visited 7 branches of the dungeon, and saw 33 of its levels.
You visited 1 bazaar.
You also visited: Ice Cave.

You collected 4628 gold pieces.
You spent 3779 gold pieces at shops.

Inventory:

Hand Weapons
 a - a +8 war axe of electrocution (weapon)
 l - a +1 antimagic war axe
 n - a +1 vorpal eveningstar
 q - a +1 war axe of venom
 w - a +4 war axe
 B - a +1 hand axe of flaming
 H - a +3 vampiric war axe
 I - a +2 broad axe of electrocution
Armour
 c - the cursed +0 buckler of Ashenzari's Autotheism (worn) {Alch, Elem}

   It has a curse which improves the following skills: Alchemy: Poison Magic and
   Transmutations.
   Elements:  Fire Magic, Ice Magic, Air Magic and Earth Magic.
 r - the cursed +1 hat of the Fated Awkwardness (worn) {rC+++ Regen+ Dex-2 Stlth-, Elem, Melee}
   (You acquired it on level 4 of the Dungeon)

   Dex:       It affects your dexterity (-2).
   rC:        It renders you almost immune to cold.
   Regen:     It increases your rate of health regeneration.
   Stlth:     It makes you less stealthy.
   It has a curse which improves the following skills: Elements: Fire Magic, Ice
   Magic, Air Magic and Earth Magic.
   Melee Combat: Short Blades, Long Blades, Axes, Maces & Flails, Polearms,
   Staves and Unarmed Combat.
 N - the cursed +1 cloak "Unveiling Disgust" (worn) {rElec rC+, Self, Alch}
   (You acquired it on level 10 of the Dungeon)

   rC:        It protects you from cold.
   rElec:     It insulates you from electricity.
   It has a curse which improves the following skills: Introspection: Fighting
   and Spellcasting.
   Alchemy:   Poison Magic and Transmutations.
 O - the cursed +0 pair of boots "Ruined Morality" (worn) {rN++, Melee, Alch}
   (You acquired it on level 10 of the Dungeon)

   rN:        It greatly protects you from negative energy.
   It has a curse which improves the following skills: Melee Combat: Short
   Blades, Long Blades, Axes, Maces & Flails, Polearms, Staves and Unarmed
   Combat.
   Alchemy:   Poison Magic and Transmutations.
 V - a +2 crystal plate armour
 W - the +4 shadow dragon scales "Otraciogga" (worn) {rElec rPois rF+ Str+3 Stlth++++}
   (You bought it in a shop on level 5 of the Dungeon)

   Str:       It affects your strength (+3).
   rF:        It protects you from fire.
   rElec:     It insulates you from electricity.
   rPois:     It protects you from poison.
   Stlth:     It makes you much more stealthy.
Jewellery
 e - the cursed amulet of Toth-Mos's Legacy (around neck) {Regen+, Self, Melee}
   (You found it on level 1 of the Dungeon)

   [amulet of regeneration]

   Regen:     It increases your rate of health regeneration.
   It has a curse which improves the following skills: Introspection: Fighting
   and Spellcasting.
   Melee Combat: Short Blades, Long Blades, Axes, Maces & Flails, Polearms,
   Staves and Unarmed Combat.
 t - the cursed ring of the Fated Anxiety (right hand) {Will+, Cun, Elem}
   (You found it on level 4 of the Dungeon)

   [ring of willpower]

   Will:      It increases your willpower.
   It has a curse which improves the following skills: Cunning: Dodging and
   Stealth.
   Elements:  Fire Magic, Ice Magic, Air Magic and Earth Magic.
 u - a ring of protection from fire
 E - a ring of flight
 S - the ring "Piurusou" (left hand) {rF+ Will+ Dex+6}
   (You found it on level 3 of the Spider Nest)

   [ring of dexterity]

   Dex:       It affects your dexterity (+6).
   rF:        It protects you from fire.
   Will:      It increases your willpower.
Wands
 f - a wand of acid (11)
 h - a wand of polymorph (16)
 y - a wand of mindburst (8) (quivered)
 C - a wand of roots (24)
 F - a wand of flame (75)
 P - a wand of paralysis (21)
Scrolls
 b - 9 scrolls of teleportation
 i - 5 scrolls of fear
 j - 9 scrolls of fog
 k - 8 scrolls of noise
 x - 2 scrolls of silence
 z - 4 scrolls of amnesia
 J - 2 scrolls of magic mapping
 L - a scroll of summoning
 X - 2 scrolls of blinking
Potions
 d - 6 potions of lignification
 m - 6 potions of brilliance
 p - 7 potions of curing
 v - 2 potions of heal wounds
 A - 6 potions of attraction
 D - 5 potions of magic
 G - a potion of invisibility
 M - 6 potions of mutation
 Q - 2 potions of resistance
 R - 2 potions of cancellation
 U - a potion of ambrosia
 Z - 3 potions of might
Miscellaneous
 K - a phial of floods
 T - a condenser vane


   Skills:
 + Level 18.9(21.6) Fighting
 - Level 14.1(18.8) Axes
 - Level 9.6(16.0) Maces & Flails
 - Level 18.3 Armour
 - Level 4.0 Shields
 - Level 5.7 Evocations


You had 16 spell levels left.
You didn't know any spells.
Your spell library contained the following spells:

 Spells                   Type           Power      Damage    Failure   Level
 Freeze                   Ice            4%         1d3       82%         1
 Sandblast                Erth           2%         2d4       82%         1
 Foxfire                  Conj/Fire      0%         2x1d4     85%         1
 Summon Small Mammal      Summ           0%         N/A       87%         1
 Passwall                 Tmut/Erth      0%         N/A       91%         2
 Wereblood                Tmut           1%         N/A       91%         2
 Ensorcelled Hibernation  Hex/Ice        0%         N/A       94%         2
 Static Discharge         Conj/Air       0%         3-3/arc   94%         2
 Sublimation of Blood     Necr           0%         N/A       95%         2
 Call Canine Familiar     Summ           0%         N/A       99%         3
 Confusing Touch          Hex            0%         N/A       99%         3
 Conjure Flame            Conj/Fire      0%         6-21      99%         3
 Frozen Ramparts          Ice            2%         1d2       99%         3
 Gell's Gravitas          Tloc           0%         N/A       99%         3
 Inner Flame              Hex/Fire       0%         N/A       99%         3
 Ozocubu's Armour         Ice            1%         N/A       99%         3
 Portal Projectile        Hex/Tloc       0%         N/A       99%         3
 Spider Form              Tmut/Pois      1%         N/A       99%         3
 Stone Arrow              Conj/Erth      0%         3d7       99%         3
 Summon Guardian Golem    Hex/Summ       0%         N/A       99%         3
 Teleport Other           Tloc           0%         N/A       99%         3
 Tukima's Dance           Hex            0%         N/A       99%         3
 Anguish                  Hex/Necr       0%         N/A       100%        4
 Animate Dead             Necr           0%         N/A       100%        4
 Dispel Undead            Necr           0%         3d6       100%        4
 Flame Wave               Conj/Fire      0%         2d4       100%        4
 Fulminant Prism          Conj/Hex       0%         3d6       100%        4
 Hailstorm                Conj/Ice       0%         3d3       100%        4
 Iskenderun's Mystic Bla  Conj/Tloc      0%         2d3       100%        4
 Sticky Flame             Conj/Fire      0%         2d3       100%        4
 Summon Lightning Spire   Summ/Air       0%         N/A       100%        4
 Alistair's Intoxication  Tmut/Pois      0%         N/A       100%        5
 Blade Hands              Tmut           0%         N/A       100%        5
 Borgnjor's Vile Clutch   Necr/Erth      0%         N/A       100%        5
 Lee's Rapid Deconstruct  Erth           0%         3d5*      100%        5
 Lightning Bolt           Conj/Air       0%         1d11      100%        5
 Yara's Violent Unravell  Hex/Tmut       0%         3d3       100%        5
 Death Channel            Necr           0%         N/A       100%        6
 Dispersal                Tloc           0%         N/A       100%        6
 Eringya's Noxious Bog    Tmut/Pois      0%         N/A       100%        6
 Enfeeble                 Hex            0%         N/A       100%        7
 Ozocubu's Refrigeration  Ice            0%         4d5       100%        7
 Storm Form               Tmut/Air       0%         N/A       100%        7
 Summon Hydra             Summ           0%         N/A       100%        7
 Maxwell's Capacitive Co  Air            0%         ∞         100%        8
 Chain Lightning          Conj/Air       0%         N/A       100%        9
 Fire Storm               Conj/Fire      0%         5d1       100%        9
 Shatter                  Erth           0%         3d5*      100%        9


Dungeon Overview and Level Annotations

Branches:
Dungeon (15/15)            Temple (1/1) D:7            Lair (6/6) D:10
 Shoals (4/4) Lair:3       Spider (4/4) Lair:4        Slime (0/5) Lair:5
    Orc (2/2) D:12            Elf (1/3) Orc:2        Vaults (0/5) D:14
 Depths (0/4) D:15          IceCv (visited)

Altars:
Ashenzari
Cheibriados
Dithmenos
Fedhas
Gozag
Hepliaklqana
Kikubaaqudgha
Makhleb
Nemelex Xobeh
Okawaru
Qazlal
Ru
Sif Muna
Trog
Uskayaw
Vehumet
Wu Jian
Xom
Yredelemnul
Jiyva

Shops:
D:4 !   D:5 [   D:8 =   D:9 :   D:13 (*   D:15 =   Orc:1 ?   Orc:2 ([*:
Shoals:1 ?   Shoals:2 !   Shoals:3 =

Annotations:
D:7 3 runed translucent doors, Phlounder's ghost, novice DjCj
D:9 2 runed translucent doors, kevlar127's ghost, novice TrBe
D:10 exclusion: obsidian statue
D:11 3 runed translucent doors, lesbiats's ghost, journeyman DsGl
Lair:3 3 runed translucent doors, zhov's ghost, journeyman DsHu
Shoals:2 1 runed translucent door, xzight's ghost, adept MiBe


Innate Abilities, Weirdness & Mutations

You are mostly covered in slimy green scales. (AC +3)
You are completely covered in sharp spines.
When hurt, damage is shared between your health and your magic reserves.
You regenerate magic rapidly.
Your touch may irresistibly damage your foes and sap their willpower.


Message History

Unknown command.
You hit the emperor scorpion but do no damage.
Lightning courses through the emperor scorpion!
The emperor scorpion is almost dead.
You feel sick. The emperor scorpion barely misses you.
The emperor scorpion claws you.
The emperor scorpion splashes around in the water.
Unknown command.
You slash the emperor scorpion!
You kill the emperor scorpion!
The orb spider weaves a glowing orb of energy.
An orb of destruction comes into view.
Unknown command.
You are no longer berserk.
You are exhausted.
You feel yourself slow down.
You feel sick.
The emperor scorpion is struck by your spines.
The emperor scorpion stings you but does no damage.
The emperor scorpion claws you but does no damage. x2
Things that are here:
a +2 pair of gloves of strength; the guardian serpent corpse of Aizul You hit the emperor scorpion but do no damage.
The emperor scorpion is lightly wounded.
You feel sick.
The emperor scorpion is struck by your spines.
The emperor scorpion stings you but does no damage.
The emperor scorpion claws you. The emperor scorpion barely misses you.
The emperor scorpion stings you!
* * * LOW HITPOINT WARNING * * *
You are more poisoned.
The emperor scorpion poisons you!
The emperor scorpion claws you but does no damage.
You block the emperor scorpion's attack.
Unknown command.
Unknown command.
Unknown command.
You feel much better.
You feel extremely sick. The orb of destruction hits you!!!
You die...

####
##..≈#...#≈.##
...#
#...≈#!≈.##.##
..##
#...##.≈.^#†.##
..###
##..#..≈≈.#..##
..###
##..#≈.≈≈.##y≈#
.^.##
###..#.s≈≈^≈#..#
#..##
###..#.≈○≈..#.^#
....#
##≈..#.≈φ○[##.≈#
..^##
##.(.#!≈≈≈@#.^^#
...^#
###..##.≈≈s.≈.##
.####
##...#$(.....#
##
##.†.#.^!≈.≈## #
#..?#..!.≈.#
#...##.#..^#
##.≈..#^#≈.##
##.≈..###.###
##.....s..###


You could see an emperor scorpion and an orb spider.

Vanquished Creatures
  Mlioglotl (Shoals:2)
  Rupert (D:14)
  Agnes (Spider:3)
  6 emperor scorpions
  Ilsuiw (Shoals:3)
  An orc warlord (Orc:2)
  2 ghost moths (Spider:4)
  Aizul (Spider:4)
  3 broodmothers (Spider:3)
  A quicksilver ooze (IceCv)
  An entropy weaver (Spider:3)
  A spark wasp (Spider:2)
  Snorg (Lair:4)
  A fire dragon (D:14)
  11 merfolk impalers
  10 merfolk javelineers
  A quicksilver dragon skeleton (D:15)
  Erolcha (Orc:1)
  A jorogumo (Spider:1)
  An alligator snapping turtle (Shoals:4)
  3 hydras
  A radroach (Spider:3)
  2 catoblepae
  3 boulder beetles
  4 two-headed ogres
  Erica (D:10)
  5 centaur warriors
  5 satyrs
  A merfolk aquamancer (Shoals:4)
  2 merfolk avatars
  A tengu warrior (D:13)
  2 orc high priests
  Urug (D:14)
  Nergalle (Lair:4)
  7 skeletal warriors (D:15)
  9 pharaoh ants
  2 sun moths
  8 sea snakes
  A golden dragon zombie (D:15)
  4 steelbarb worms
  2 sphinx zombies (D:15)
  10 orb spiders
  A necromancer (D:15)
  8 orc knights
  A deep elf zephyrmancer (Elf:1)
  A harpy (shapeshifter) (D:13)
  A phantasmal warrior (D:15)
  7 harpies
  12 fauns
  3 deep elf pyromancers
  13 wolf spiders
  6 orc sorcerers
  4 ugly things (D:15)
  Maurice (D:10)
  6 cyclopes
  12 manticores
  6 water nymphs
  7 black mambas
  7 elephants
  2 ice statues (IceCv)
  12 merfolk sirens
  6 moths of wrath
  11 cane toads
  2 gargoyles
  An unseen horror (D:12)
  7 demonic crawlers
  4 torpor snails
  4 rime drakes
  16 komodo dragons
  2 ice devils (Orc:1)
  5 entropy weaver simulacra (IceCv)
  2 tengu conjurers (D:14)
  9 meliai
  20 merfolk
  2 polar bears (Lair:6)
  9 wind drakes
  4 trolls
  13 blink frogs
  19 tarantellas
  26 slime creatures
  4 dream sheep (Shoals:1)
  26 jumping spiders
  6 snapping turtles
  Sigmund (D:2)
  19 culicivoras
  2 wraiths (D:10)
  69 yaks
  11 water elementals
  A shadow (D:9)
  7 wyverns
  Grum (Lair:1)
  4 basilisks
  13 humans (D:14)
  47 redbacks
  8 vampire mosquitoes
  4 wargs
  4 acid dragons
  2 demonic crawler simulacra (IceCv)
  14 water moccasins
  A sky beast (D:7)
  37 orc warriors
  4 ugly thing simulacra (IceCv)
  18 wolves
  A tengu (shapeshifter) (D:13)
  9 ogres
  9 centaurs
  2 gnoll sergeants
  19 bullfrogs
  4 scorpions
  4 glowing shapeshifter simulacra (IceCv)
  4 wights (D:6)
  32 killer bees (D:9)
  An electric eel (Lair:4)
  7 howler monkeys
  5 hounds
  5 jellies
  A gnoll bouda (D:5)
  24 orc priests
  4 iguanas (D:5)
  28 orc wizards
  4 hell rats (Lair:5)
  Robin (D:4)
  17 gnolls
  6 adders
  A shadow imp (D:6)
  An ufetubus (D:6)
  5 worms
  3 dart slugs (D:1)
  89 orcs
  5 ball pythons (D:1)
  5 bats
  3 endoplasms
  4 giant cockroaches
  6 hobgoblins
  3 jackals (D:3)
  4 kobolds
  2 quokkas
  5 frilled lizards
  12 goblins
  2 rats
1034 creatures vanquished.

Vanquished Creatures (collateral kills)
  2 azure jellies (IceCv)
2 creatures vanquished.

Vanquished Creatures (others)
  An emperor scorpion (Spider:4)
  A merfolk aquamancer (Shoals:2)
  A satyr (Shoals:2)
  An orb spider (Spider:4)
  An ugly thing (D:11)
  A faun (Shoals:2)
  A culicivora (Spider:2)
  A water elemental (Shoals:2)
  A golden eye (shapeshifter) (D:11)
  3 humans (D:14)
  A redback (Spider:4)
  A centaur (Shoals:2)
  An orc (Orc:2)
  26 fungi
  108 plants
  2 withered plants (D:15)
151 creatures vanquished.

Grand Total: 1187 creatures vanquished

Notes
Turn   | Place    | Note
-------+----------+-------------------------------------------
     0 | D:1      | ytrimaz the Demonspawn Fighter began the quest for the Orb.
     0 | D:1      | Reached XP level 1. HP: 18/18 MP: 1/1
   352 | D:1      | Gained mutation: You are partially covered in slimy green
                  | scales. (AC +2) [demonic ancestry]
   352 | D:1      | Reached XP level 2. HP: 24/24 MP: 2/2
  1003 | D:2      | Noticed Sigmund
  1016 | D:2      | Killed Sigmund
  1017 | D:2      | Gained mutation: Your touch may inflict minor irresistible
                  | damage on your foes. [demonic ancestry]
  1017 | D:2      | Reached XP level 3. HP: 16/29 MP: 3/3
  1017 | D:2      | Reached XP level 4. HP: 19/35 MP: 4/4
  1017 | D:2      | Gained mutation: You regenerate magic rapidly. [demonic
                  | ancestry]
  1017 | D:2      | Reached XP level 5. HP: 22/41 MP: 5/5
  1417 | D:2      | Gained mutation: You are partially covered in sharp spines.
                  | [demonic ancestry]
  1417 | D:2      | Reached XP level 6. HP: 25/47 MP: 6/6
  1419 | D:2      | Reached skill level 5 in Axes
  2544 | D:4      | Found a sparkling altar of Nemelex Xobeh.
  2738 | D:4      | Found Lyosanka's Distillery.
  2861 | D:4      | Noticed Robin
  2872 | D:4      | Killed Robin
  2979 | D:4      | Identified a scroll of acquirement
  2995 | D:4      | Acquired the +1 hat of Charity {rC+++ Regen+ Dex-2 Stlth-}
  3216 | D:5      | Entered Level 5 of the Dungeon
  3253 | D:5      | Reached XP level 7. HP: 34/52 MP: 7/7
  3400 | D:5      | Found Lemei's Antique Armour Boutique.
  4389 | D:6      | Reached XP level 8. HP: 58/58 MP: 8/8
  5050 | D:7      | Found a staircase to the Ecumenical Temple.
  5088 | Temple   | Entered the Ecumenical Temple
  5140 | Temple   | Became a worshipper of Ashenzari the Shackled
  5336 | D:7      | Found a runed translucent gate.
  5337 | D:7      | Found a runed translucent gate.
  5342 | D:7      | Found a runed translucent gate.
  5352 | D:7      | Reached skill level 10 in Axes
  5396 | D:7      | Reached XP level 9. HP: 44/67 MP: 9/9
  5470 | D:7      | Noticed Phlounder's ghost (novice DjCj)
  5495 | D:7      | Reached skill level 5 in Fighting
  6025 | D:8      | Found an opulent altar of Gozag.
  6125 | D:8      | Found Ivyaf Qidi's Jewellery Emporium.
  6329 | D:8      | Found a shimmering altar of Xom.
  6335 | D:8      | Found a basalt altar of Yredelemnul.
  6337 | D:8      | Found a shimmering blue altar of Sif Muna.
  6695 | D:8      | Noticed a two-headed ogre
  6724 | D:8      | Killed a two-headed ogre
  6725 | D:8      | Reached skill level 10 in Fighting
  6725 | D:8      | Gained mutation: Your touch may inflict irresistible damage
                  | on your foes. [demonic ancestry]
  6725 | D:8      | Reached XP level 10. HP: 20/85 MP: 10/10
  6770 | D:8      | Reached * piety under Ashenzari
  7315 | D:9      | Found a large runed translucent door.
  7315 | D:9      | Found a large runed translucent door.
  7316 | D:9      | Noticed kevlar127's ghost (novice TrBe)
  7458 | D:9      | Found a faded altar of an unknown god.
  7458 | D:9      | Found a faded altar of an unknown god.
  7458 | D:9      | Found a hazy altar of Hepliaklqana.
  7509 | D:9      | Found Xummiuq's Book Boutique.
  7575 | D:9      | Reached ** piety under Ashenzari
  8062 | D:10     | Entered Level 10 of the Dungeon
  8128 | D:10     | Noticed Maurice
  8159 | D:10     | Killed Maurice
  8202 | D:10     | Noticed an obsidian statue
  8213 | D:10     | Noticed Erica
  8224 | D:10     | Killed Erica
  8225 | D:10     | Gained mutation: You are mostly covered in slimy green
                  | scales. (AC +3) [demonic ancestry]
  8225 | D:10     | Reached XP level 11. HP: 60/98 MP: 11/11
  8634 | D:10     | Found a staircase to the Lair.
  9117 | D:11     | Noticed a two-headed ogre
  9120 | D:11     | Killed a two-headed ogre
  9144 | D:10     | Acquired the +1 cloak of Ucwan {rElec rC+}
  9148 | D:10     | Acquired the +0 pair of boots of Daisies {rN++}
  9164 | D:10     | Acquired 966 gold pieces
  9193 | D:11     | Found a runed translucent gate.
  9194 | D:11     | Found a runed translucent gate.
  9194 | D:11     | Noticed lesbiats's ghost (journeyman DsGl)
  9195 | D:11     | Found a runed translucent gate.
  9353 | D:11     | Noticed a boulder beetle
  9353 | D:11     | Noticed a cyan ugly thing
  9353 | D:11     | Noticed a brown ugly thing
  9353 | D:11     | Noticed a centaur warrior
  9354 | D:11     | Identified the +5 scale mail of the Beginning {Regen+ MP-9
                  | Str+2 Int+3}
  9378 | D:11     | Noticed a deep elf pyromancer
  9488 | D:11     | Reached skill level 1 in Evocations
  9741 | D:11     | Reached *** piety under Ashenzari
 10038 | D:11     | Killed a brown ugly thing
 10408 | D:12     | Found a staircase to the Orcish Mines.
 10508 | D:12     | Noticed a deep elf pyromancer
 10517 | D:12     | Killed a deep elf pyromancer
 10556 | D:12     | Noticed a six-headed hydra
 10571 | D:12     | Reached skill level 5 in Armour
 10571 | D:12     | Killed a one-headed hydra
 10579 | D:12     | Reached skill level 5 in Evocations
 10717 | D:12     | Reached XP level 12. HP: 100/111 MP: 12/12
 11130 | Orc:1    | Entered Level 1 of the Orcish Mines
 11161 | Orc:1    | Found a frozen archway.
 11190 | IceCv    | Entered an ice cave
 11297 | IceCv    | Noticed a quicksilver ooze
 11307 | IceCv    | Killed a quicksilver ooze
 11660 | IceCv    | Reached skill level 10 in Armour
 11947 | IceCv    | Found a viscous altar of Jiyva.
 11947 | IceCv    | Noticed an azure jelly
 11952 | IceCv    | Noticed an azure jelly
 11958 | IceCv    | Killed an azure jelly
 11961 | IceCv    | Killed an azure jelly
 11963 | IceCv    | Identified the ring of Lukaox {rElec rC+}
 11964 | IceCv    | Identified the ring "Togoaz" {*Corrode Fly Int+4 Dex+2}
 11964 | IceCv    | Identified the ring of Omuav {Ice rElec Stlth+}
 12082 | Orc:1    | Noticed an orc high priest
 12098 | Orc:1    | Killed an orc high priest
 12225 | Orc:1    | Gained mutation: You are mostly covered in sharp spines.
                  | [demonic ancestry]
 12225 | Orc:1    | Reached XP level 13. HP: 69/116 MP: 13/13
 12276 | Orc:1    | Found Pihal's Magic Scroll Shoppe.
 12337 | Orc:1    | Noticed Erolcha
 12345 | Orc:1    | Killed Erolcha
 12543 | Orc:2    | Entered Level 2 of the Orcish Mines
 12716 | Orc:2    | Reached **** piety under Ashenzari
 12871 | Orc:2    | Noticed an orc warlord
 12977 | Orc:2    | Found Yduczoc's Antique Armour Emporium.
 13033 | Orc:2    | Killed an orc warlord
 13155 | Orc:2    | Found Enicsyin's Antique Weapon Emporium.
 13177 | Orc:2    | Found Veun's Book Emporium.
 13464 | Orc:2    | Found a staircase to the Elven Halls.
 13574 | Orc:2    | Found Lunlyt's General Store.
 13581 | Orc:2    | Bought a scroll of enchant weapon for 97 gold pieces
 13581 | Orc:2    | Bought a scroll of enchant weapon for 97 gold pieces
 13613 | Elf:1    | Entered Level 1 of the Elven Halls
 13641 | Elf:1    | Found a flickering gateway to a bazaar.
 13676 | Bazaar   | Entered a bazaar
 13680 | Bazaar   | Found Mionas's Jewellery Boutique.
 13698 | Bazaar   | Found Wodinn's Book Emporium.
 13715 | Bazaar   | Found Fyutzop's General Store.
 13732 | Bazaar   | Found Xobriocri's Distillery.
 13886 | Bazaar   | Bought a book of the Sky for 704 gold pieces
 14112 | Lair:1   | Entered Level 1 of the Lair of Beasts
 14112 | Lair:1   | Noticed Grum
 14118 | Lair:1   | Killed Grum
 14414 | Lair:1   | Identified the +5 rapier of the Lusting Eel {vorpal, rC+
                  | Stlth+}
 14987 | Lair:2   | Reached XP level 14. HP: 109/129 MP: 14/14
 15663 | Lair:3   | Found a staircase to the Shoals.
 15702 | Lair:3   | Found a runed translucent gate.
 15702 | Lair:3   | Found a runed translucent gate.
 15703 | Lair:3   | Found a runed translucent gate.
 15731 | Lair:3   | Noticed zhov's ghost (journeyman DsHu)
 16338 | Lair:4   | Found a hole to the Spider Nest.
 16444 | Lair:4   | Noticed Nergalle
 16453 | Lair:4   | Killed Nergalle
 16616 | Lair:4   | Noticed Snorg
 16631 | Lair:4   | Killed Snorg
 17689 | Lair:5   | Found a viscous altar of Jiyva.
 17689 | Lair:5   | Found a staircase to the Slime Pits.
 17901 | Lair:6   | Entered Level 6 of the Lair of Beasts
 17915 | Lair:6   | Reached skill level 15 in Armour
 18098 | Lair:6   | Reached ***** piety under Ashenzari
 18436 | Lair:6   | Gained mutation: When hurt, damage is shared between your
                  | health and your magic reserves. [demonic ancestry]
 18436 | Lair:6   | Reached XP level 15. HP: 134/134 MP: 15/15
 19109 | D:13     | Found Bohid's General Store.
 19410 | D:13     | Found Leafeump's Weapon Emporium.
 19561 | D:14     | Noticed Rupert
 19561 | D:14     | Noticed Urug
 19561 | D:14     | Found a gate to the Vaults.
 19572 | D:14     | Killed Urug
 19573 | D:14     | Killed Rupert
 19708 | D:14     | Reached skill level 15 in Fighting
 20250 | D:15     | Entered Level 15 of the Dungeon
 20433 | D:15     | Found Uggeceru's Jewellery Boutique.
 20698 | D:5      | Bought steaming shadow dragon scales for 2720 gold pieces
 20698 | D:5      | Identified the +4 shadow dragon scales "Otraciogga" {rElec
                  | rPois rF+ Str+3 Stlth++++} (You bought it in a shop on
                  | level 5 of the Dungeon)
 21387 | D:15     | Found a staircase to the Depths.
 21469 | D:15     | Upgraded the game from 0.29-a0-834-g1e95ca9f62 to
                  | 0.29-a0-838-g385bb11a5b
 21718 | Shoals:1 | Entered Level 1 of the Shoals
 22117 | Shoals:1 | Found Daite's Magic Scroll Boutique.
 22145 | Shoals:1 | Bought a scroll of brand weapon for 161 gold pieces
 22338 | Shoals:2 | Noticed Mlioglotl
 22361 | Shoals:2 | Killed Mlioglotl
 22579 | Shoals:2 | Gained mutation: You are completely covered in sharp
                  | spines. [demonic ancestry]
 22579 | Shoals:2 | Reached XP level 16. HP: 146/146 MP: 16/16
 22619 | Shoals:2 | Found a runed translucent door.
 22643 | Shoals:2 | Noticed xzight's ghost (adept MiBe)
 23062 | Shoals:2 | Found Pukinaob's Distillery.
 23402 | Shoals:3 | Found Pagodud's Jewellery Boutique.
 23452 | Shoals:3 | Noticed Ilsuiw
 23491 | Shoals:3 | Killed Ilsuiw
 24061 | Shoals:4 | Entered Level 4 of the Shoals
 24695 | Shoals:4 | Identified the +1 robe of Giceyps {-Tele rElec Will- Regen+
                  | Int+9}
 24932 | Shoals:4 | Got a barnacled rune of Zot
 25266 | Spider:1 | Entered Level 1 of the Spider Nest
 25616 | Spider:1 | Gained mutation: Your touch may irresistibly damage your
                  | foes and sap their willpower. [demonic ancestry]
 25616 | Spider:1 | Reached XP level 17. HP: 153/158 MP: 17/17
 26262 | Spider:2 | Reached skill level 1 in Maces & Flails
 26715 | Spider:3 | Identified the ring "Piurusou" {rF+ Will+ Dex+6}
 26791 | Spider:3 | Reached skill level 5 in Maces & Flails
 26916 | Spider:3 | Noticed Agnes
 26927 | Spider:3 | Killed Agnes
 27598 | Spider:4 | Entered Level 4 of the Spider Nest
 27923 | Spider:4 | Found the +2 hood of the Assassin {Detection Stab+ Stlth++}
 28413 | Spider:4 | Noticed Aizul
 28465 | Spider:4 | Killed Aizul
 28476 | Spider:4 | Blown up by an orb spider

Illustrated notes

Levels and vault maps discovered:
D:1:      mrwooster_arrival_statue_2, layout_loops_ring, grunt_decor_clamped
D:2:      layout_rooms, uniq_sigmund
D:3:      layout_basic
D:4:      layout_basic, nemelex_xobeh_ov_fountains_minmay, serial_shops,
          nicolae_shop_hallway_plus, uniq_robin
D:5:      layout_layer_cave, serial_shops, shop
D:6:      layout_loops_cross
D:7:      layout_gridville, minmay_temple_entry_offerings, gammafunk_ghost_icy
D:8:      layout_basic, mainiacjoe_overflow_six_doors_small,
          nicolae_overflow_hidden_temple, serial_shops, shop, special_room
          [special_room_orc], grunt_ministairs_3, lemuel_old_faithful
D:9:      wad_woods_minihive, layout_loops_ring,
          nicolae_hepliaklqana_ecumenical_no_more, ebering_ghost_disaster_area,
          serial_shops, nicolae_shop_hallway_plus
D:10:     layout_roguey, tso_altar, david_lair_shrubbed, grunt_ogre_cave,
          minmay_statue_bubble, uniq_maurice, uniq_erica
D:11:     layout_stronghold, gammafunk_ghost_nasty_kobolds,
          minmay_misc_feat_alley, wad_woods_river_04,
          ebering_dispersal_statue_hall, minivault_12
D:12:     layout_long_grid, minmay_orc_entry_temple_small
D:13:     layout_irregular_city, serial_shops, nicolae_lakefront_shop, shop,
          grunt_decor_arrowhead, kennysheep_generic_room_13
D:14:     layout_basic, david_vaults_3, minmay_misc_feat_x,
          hangedman_decor_growths
D:15:     gammafunk_depths_entry_grave, layout_basic, corexii_hall_statues_i,
          serial_shops, shop_fountains
Temple:   hellmonk_temple_of_storms
Lair:1:   layout_gridlike, uniq_grum
Lair:2:   layout_cave_pods, grunt_forest_small_clearings, uniq_urug
Lair:3:   layout_roguey, minmay_shoals_entry_lonely_mermaid,
          maelrawn_ghost_gauntlet_escape, st_stairs_6
Lair:4:   layout_regular_city, spider_nest_entry_rubble, st_stairs_3,
          minivault_27, lemuel_fruit_tree, serial_bayou_shore_a, uniq_nergalle,
          uniq_snorg
Lair:5:   layout_hall_layers, dpeg_slime_entry_corner, grunt_megastairs_1
Lair:6:   gammafunk_lair_ancient_temple, layout_regular_city
Shoals:1: layout_shoals, serial_shops, shop
Shoals:2: cheibrodos_shoals_satyrical_garden, layout_shoals,
          ebering_ghost_reflecting_pool, serial_shops, shop,
          nicolae_shoals_pincushion_passage, uniq_mlioglotl
Shoals:3: layout_shoals, serial_shops, shop_statue, uniq_ilsuiw
Shoals:4: shoals_end_simple, layout_shoals, nicolae_shoals_circle_sea_wall
Spider:1: layout_spider_delve
Spider:2: layout_spider_delve, hangedman_spider_tarantella_strand
Spider:3: layout_spider_delve, uniq_agnes
Spider:4: grunt_spider_rune_circles, drop_trap, uniq_aizul
Orc:1:    layout_caves, portal_ice_cave_demonic_guard, serial_shops, shop,
          uniq_erolcha
Orc:2:    grunt_orc_cross, layout_caves
Elf:1:    layout_loops_cross, special_room [special_room_mythical_zoo],
          serial_shops, bzr_firewalk, minmay_elf_sorcery,
          nicolae_elf_deep_friendship, uniq_zenata

Skill      XL: |  1  2  3  4  5  6  7  8  9 10 11 12 13 14 15 16 17 |
---------------+----------------------------------------------------+-----
Shields        | 3 4 |  4.0
Axes           | 2 4 6 8 10 11 13 14 | 14.1
Fighting       | 4 10 13 14 16 18 | 18.9
Evocations     | 5 |  5.7
Armour         | 6 11 13 15 17 18 | 18.3
Maces & Flails | 9 |  9.6

Action                   |  1- 3 |  4- 6 |  7- 9 | 10-12 | 13-15 | 16-18 || total
-------------------------+-------+-------+-------+-------+-------+-------++-------
Melee: War axe           |    61 |   157 |   189 |   504 |   994 |   789 ||  2694
       Hand axe          |       |       |       |    44 |     9 |       ||    53
       Broad axe         |       |       |       |       |       |   112 ||   112
       Eveningstar       |       |       |       |       |       |    18 ||    18
Throw: Throwing net      |       |       |       |       |     4 |       ||     4
Invok: Curse Item        |       |       |     1 |     4 |     4 |       ||     9
       Shatter the Chain |       |       |       |     1 |     1 |     1 ||     3
Evoke: Wand              |       |       |     1 |       |       |    14 ||    15
       Condenser vane    |       |       |       |       |       |     1 ||     1
  Use: Scroll            |     6 |    11 |    12 |     9 |     9 |     4 ||    51
       Potion            |     1 |       |     1 |     5 |     7 |     6 ||    20
 Stab: Invisible         |       |       |       |     1 |    41 |       ||    42
       Distracted        |       |       |       |       |     1 |       ||     1
Armor: Scale mail        |    37 |    41 |       |       |       |       ||    78
       Ring mail         |       |    19 |    60 |    68 |       |       ||   147
       Plate armour      |       |       |       |   336 |   360 |       ||   696
       Skin              |       |       |       |     5 |       |       ||     5
       Crystal plate arm |       |       |       |       |   177 |       ||   177
       Shadow dragon sca |       |       |       |       |   128 |   918 ||  1046
Dodge: Dodged            |    30 |    88 |    83 |   145 |   249 |   439 ||  1034
Block: Buckler           |    18 |    46 |    42 |   125 |   260 |   270 ||   761

Table legend: (Time is in decaauts)
 A = Elapsed time spent in this place.
 B = Non-inter-level travel time spent in this place.
 C = Inter-level travel time spent in this place.
 D = Time resting spent in this place.
 E = Time spent auto-exploring this place.
 F = Levels seen in this place.
 G = Mean time per level.
                   A        B        C        D        E       F      G
               +--------+--------+--------+--------+--------+-----+--------+
         Total |  28433 |  26018 |   2415 |   1520 |  17564 |  35 |  812.4 |
       Dungeon |  14051 |  12544 |   1507 |    612 |   9245 |  15 |  936.7 |
        Temple |     67 |     35 |     32 |      0 |     22 |   1 |   67.0 |
          Lair |   4786 |   4383 |    403 |      0 |   3363 |   6 |  797.7 |
        Shoals |   3594 |   3346 |    248 |    164 |   2008 |   4 |  898.5 |
   Spider Nest |   3092 |   2986 |    106 |    105 |   1910 |   4 |  773.0 |
  Orcish Mines |   1652 |   1536 |    116 |    191 |    858 |   2 |  826.0 |
   Elven Halls |     97 |     97 |      0 |      0 |      0 |   1 |   97.0 |
        Bazaar |    234 |    234 |      0 |    100 |     13 |   1 |  234.0 |
      Ice Cave |    856 |    856 |      0 |    347 |    144 |   1 |  856.0 |
               +--------+--------+--------+--------+--------+-----+--------+

Top non-repeatable levels by time:
    D:11: 1457 daAuts
     D:8: 1271 daAuts
    D:10: 1224 daAuts
     D:1: 1194 daAuts
     D:5: 1189 daAuts
Shoals:4: 1106 daAuts
   Orc:2: 1100 daAuts
     D:9: 1060 daAuts
Shoals:2: 937 daAuts
  Lair:5: 912 daAuts
    D:12: 858 daAuts
   IceCv: 856 daAuts
Shoals:3: 855 daAuts
Spider:3: 849 daAuts
Spider:4: 838 daAuts
